 Dungeon Crawl Stone Soup version 0.27-a0-1442-g87b6fcb595 (webtiles) character file.

Game seed: 681094223164280029

38 HoaS the Ruffian (level 3, -6/29 HPs)
             Began as a Demigod Gladiator on July 4, 2021.
             Mangled by an iguana (8 damage)
             ... on level 1 of the Dungeon.
             The game lasted 00:03:00 (1609 turns).

HoaS the Ruffian (Demigod Gladiator)                Turns: 1609, Time: 00:03:00

Health: -6/29      AC:  7    Str: 19    XL:     3   Next: 10%
Magic:  5/5        EV: 11    Int: 10    God:
Gold:   76         SH:  0    Dex: 15    Spells: 2/2 levels left

rFire    . . .     SeeInvis +     - Unarmed
rCold    . . .     Faith    .   (no shield)
rNeg     . . .     Spirit   .   k - +0 ring mail
rPois    .         Reflect  .   b - +1 helmet
rElec    .         Harm     .   (no cloak)
rCorr    .         Rampage  .   (no gloves)
Will     .....                  (no boots)
Stlth    +.........             (no amulet)
HPRegen  0.09/turn              h - ring of see invisible
MPRegen  0.09/turn              (no ring)

@: no status effects
A: high mp 1, forlorn
a: no special abilities


You were on level 1 of the Dungeon.
You visited 1 branch of the dungeon, and saw 2 of its levels.

You collected 76 gold pieces.

Inventory:

Missiles
 c - 3 throwing nets (quivered)
Armour
 b - a +1 helmet (worn)
 k - a +0 ring mail (worn)
Jewellery
 h - a ring of see invisible (left hand)
Scrolls
 a - a scroll of teleportation
Potions
 d - a potion of mutation
 i - a potion of berserk rage {unknown}
 j - a potion of curing {unknown}


   Skills:
 - Level 1.7 Fighting
 - Level 1.7 Throwing
 - Level 2.6 Dodging
 + Level 4.0 Unarmed Combat


You had 2 spell levels left.
You didn't know any spells.
Your spell library contained the following spells:

 Spells                   Type           Power      Damage    Failure   Level
 Magic Dart               Conj           0%         1d3       54%         1
 Searing Ray              Conj           0%         3d3       69%         2
 Fulminant Prism          Conj/Hex       0%         3d6       100%        4


Dungeon Overview and Level Annotations

Branches:
Dungeon (2/15)

Annotations:
D:2 Terence


Innate Abilities, Weirdness & Mutations

Your attributes grow dramatically as you level up.
You have an increased reservoir of magic. (+10% MP)
You shall have no god before yourself.


Message History

No target in view!
You open the door.
There is an open door here.
There is an open door here.
Found a dagger.
Found 17 stones.
Terence the Incautious comes into view.
He is wielding a +0 flail.
Terence shouts!
An iguana comes into view.
The iguana hisses angrily.
Terence closely misses you.
You completely miss Terence. The iguana bites you. Terence closely misses you.
You barely miss Terence.
The iguana bites you but does no damage.
Terence hits you with a +0 flail.
You hit Terence.
Terence is moderately wounded.
The iguana barely misses you. Terence hits you with a +0 flail!
The iguana bites you. Terence says, "Did you write a will?
You should..."
You see here a +0 leather armour.
The iguana misses you.
There is a stone staircase leading up here.
You hit the iguana.
The iguana is lightly wounded.
The iguana closely misses you. The iguana bites you!
You climb upwards.
There is a stone staircase leading down here.
You hit the iguana but do no damage.
The iguana is lightly wounded.
The iguana bites you but does no damage.
You hit the iguana but do no damage.
The iguana is lightly wounded.
The iguana bites you!
* * * LOW HITPOINT WARNING * * *
You punch the iguana!
The iguana is heavily wounded.
The iguana bites you!
You die...

.#..#.# #.........#
....#.# #.........#
#####.# ##.......##
#.# #.......## #.#
##>####.##
#####.###### #..# #..#
...........# #.## ##.#
#####.####.#########.#
#.# #.# #......@##..#
#.## #.#
#######l...##### #..#
## #.#
#####.......####.# .#
#.#
##.....#####...##.##
.# #.# #..#####
###.#...# .#
#.######.## #.#...#
.####..)..[..# #.....#
.##....####### ###...#
###....# #####


You could see an iguana.

Vanquished Creatures
  An adder (D:2)
  4 endoplasms (D:1)
  A giant cockroach (D:2)
  A goblin (D:1)
  3 hobgoblins
  2 quokkas
  2 ball pythons (D:2)
  3 frilled lizards (D:2)
  6 kobolds
  4 rats
27 creatures vanquished.

Notes
Turn   | Place    | Note
-------+----------+-------------------------------------------
     0 | D:1      | HoaS the Demigod Gladiator began the quest for the Orb.
     0 | D:1      | Reached XP level 1. HP: 17/17 MP: 3/3
   264 | D:1      | Reached skill level 3 in Unarmed Combat
   515 | D:1      | Reached XP level 2. HP: 20/24 MP: 4/4
  1306 | D:2      | Reached XP level 3. HP: 25/29 MP: 5/5
  1427 | D:2      | Reached skill level 4 in Unarmed Combat
  1549 | D:2      | Noticed Terence
  1609 | D:1      | Mangled by an iguana

Illustrated notes

Levels and vault maps discovered:
D:1:      pf_arrival_petrified_forest, layout_rooms, minmay_cut_off
D:2:      layout_basic, st_stairs_12, bh_walls_and_bars, uniq_terence

Skill      XL: |  1  2  3 |
---------------+----------+-----
Unarmed Combat | 3 4 |  4.0
Fighting       | |  1.7
Throwing       | |  1.7
Dodging        | |  2.6

Action                   || total
-------------------------++-------
Melee: Unarmed           ||   129
       Punch             ||     2
  Use: Scroll            ||     7
Armor: Leather armour    ||    10
       Ring mail         ||    33
Dodge: Dodged            ||    66

Table legend: (Time is in decaauts)
 A = Elapsed time spent in this place.
 B = Non-inter-level travel time spent in this place.
 C = Inter-level travel time spent in this place.
 D = Time resting spent in this place.
 E = Time spent auto-exploring this place.
 F = Levels seen in this place.
 G = Mean time per level.
                   A        B        C        D        E       F      G
               +--------+--------+--------+--------+--------+-----+--------+
         Total |   1599 |   1559 |     40 |    525 |    763 |   2 |  799.5 |
       Dungeon |   1599 |   1559 |     40 |    525 |    763 |   2 |  799.5 |
               +--------+--------+--------+--------+--------+-----+--------+

Top non-repeatable levels by time:
     D:1: 950 daAuts
     D:2: 649 daAuts
